 Dungeon Crawl Stone Soup version 0.31-a0-325-g067879e3d3 (webtiles) character file.

Game seed: 667793213914106920

58 AdnanSaban the Covered (level 4, -7/29 HPs)
             Began as a Gargoyle Fighter on July 18, 2023.
             Killed by divine providence
             ... invoked by an orc priest
              (14 damage)
             ... on level 3 of the Dungeon.
             The game lasted 00:01:41 (1279 turns).

AdnanSaban the Covered (Gargoyle Fighter)           Turns: 1279, Time: 00:01:42

Health: -7/29      AC: 11    Str: 22    XL:     4   Next: 1%
Magic:  4/4        EV:  9    Int:  8    God:
Gold:   165        SH:  4    Dex:  9    Spells: 3/3 levels left

rFire   . . .        a - +0 flail
rCold   . . .        c - +0 buckler
rNeg    + + .        b - +0 scale mail
rPois   ∞            (no helmet)
rElec   +            (no cloak)
rCorr   .            (no gloves)
SInv    .            o - +0 pair of boots
Will    .....        (no amulet) Stlth
                     j - ring of positive energy
HPRegen 0.24/turn    (no ring)
MPRegen 0.09/turn

%: no passive effects
@: no status effects
A: sickness immunity, AC +3, negative energy resistance 1, electricity
resistance, torment resistance 1, petrification resistance
a: no special abilities


You were on level 3 of the Dungeon.
You visited 1 branch of the dungeon, and saw 3 of its levels.

You collected 165 gold pieces.

Inventory:

Hand Weapons
 a - a +0 flail (weapon)
Armour
 b - a +0 scale mail (worn)
 c - a +0 buckler (worn)
 o - a +0 pair of boots (worn)
Jewellery
 j - a ring of positive energy (left hand)
 n - a ring of positive energy
 q - a ring of resist corrosion
Scrolls
 e - a scroll of teleportation {unknown}
 g - a scroll of revelation {unknown}
 h - a scroll of identify {unknown}
 k - a scroll of noise {unknown}
 p - a scroll of amnesia {unknown}
Potions
 d - 2 potions of might
 f - a potion of haste {unknown}
 i - a potion of magic {unknown}
 l - a potion of curing {unknown}
 m - a potion of lignification {unknown}


   Skills:
 + Level 3.8 Fighting
 + Level 2.9 Maces & Flails
 + Level 3.8 Armour
 + Level 3.6 Shields


You had 3 spell levels left.
You didn't know any spells.
Your spell library contained the following spells:

 Spells                   Type           Power      Damage    Failure   Level
 Inner Flame              Hex/Fire       0%         N/A       99%         3
 Flame Wave               Conj/Fire      0%         2d4       100%        4
 Sticky Flame             Conj/Fire      0%         2d3       100%        4


Dungeon Overview and Level Annotations

Branches:
Dungeon (3/15)

Altars:
Qazlal

Annotations:
D:2 1 runed translucent door, Crazy Yiuf


Innate Abilities, Weirdness & Mutations

You are immune to sickness and miasma.
Your stone body is resilient. (AC +3)
You are immune to poison.
You resist negative energy. (rN+)
You are resistant to electric shocks. (rElec)
You are resistant to unholy torment.
You are immune to petrification.


Message History

An endoplasm comes into view.
An endoplasm is nearby!
An orc comes into view. It is wielding a +0 short sword.
The orc shouts!
You hear a shout! x4
The endoplasm hits you but does no damage.
You hit the endoplasm.
The endoplasm is heavily wounded.
An orc comes into view. It is wielding a +0 hand axe.
The endoplasm hits you but does no damage.
The endoplasm freezes you.
You are frozen.
You hit the endoplasm.
You kill the endoplasm!
An orc priest comes into view. It is wielding a +0 hand axe.
You have reached level 4!
You feel stronger.
An orc comes into view. It is wielding a +0 club.
The orc hits you but does no damage. The orc attacks as you move away!
The orc hits you with a +0 short sword.
An orc comes into view. It is wielding a +0 short sword.
The orc shouts!
The orc moves out of view.
The orc attacks as you move away! The orc hits you but does no damage.
The orc priest looks braver for a moment.
The orc attacks as you move away! The orc hits you with a +0 hand axe.
The orc attacks as you move away! The orc hits you with a +0 hand axe.
The orc priest calls down the wrath of Beogh upon you.
Beogh smites you!
* * * LOW HITPOINT WARNING * * *
Things that are here:
a +0 dagger; 2 stones The orc attacks as you move away!
The orc barely misses you. The orc attacks as you move away!
The orc barely misses you. The orc attacks as you move away!
The orc hits you with a +0 hand axe.
* * * LOW HITPOINT WARNING * * *
The orc attacks as you move away! The orc barely misses you.
The orc attacks as you move away! The orc barely misses you.
The orc priest mumbles some strange prayers to Beogh against you.
Beogh smites you!
You die...

##+ #......)..# #..
##.#.####.# ... # #.#o# #.#
#.# #.###.#.# #.# #.#
#.......# #.# #### #.#
####.o.## #o###... #<####
##.....## #.o..o.. #.##.##
##.o.....######=..#
#.#...####.@.......# #....#
#........'.........+ ......o
###...####.........####.....
#..## ##.......## ##.#.#
#.## ##.....## #.#.# #.#
##...## #.#.# #.# .....# #[#
.......# #.# #........#


You could see an orc priest and 2 orcs.

Vanquished Creatures
  2 adders (D:2)
  A dart slug (D:2)
  3 bats (D:1)
  7 endoplasms
  4 goblins
  5 hobgoblins
  2 jackals (D:2)
  A quokka (D:2)
  A frilled lizard (D:1)
  3 kobolds
  6 rats
35 creatures vanquished.

Notes
Turn   | Place    | Note
-------+----------+-------------------------------------------
     0 | D:1      | AdnanSaban the Gargoyle Fighter began the quest for the
                  | Orb.
     0 | D:1      | Reached XP level 1. HP: 14/14 MP: 1/1
   183 | D:1      | Found a faded altar of an unknown god.
   203 | D:1      | Reached XP level 2. HP: 19/19 MP: 2/2
   583 | D:2      | Reached XP level 3. HP: 23/23 MP: 3/3
   707 | D:2      | Found a stormy altar of Qazlal.
  1165 | D:2      | Found a runed translucent door.
  1166 | D:2      | Noticed Crazy Yiuf
  1260 | D:3      | Reached XP level 4. HP: 25/29 MP: 4/4
  1279 | D:3      | Killed from afar by an orc priest

Illustrated notes

Levels and vault maps discovered:
D:1:      dpeg_arrival_ternary, layout_rooms,
          hellmonk_ecumenical_altar_crossroads
D:2:      layout_basic, basic_altar, uniq_crazy_yiuf_cottage
D:3:      layout_loops_corners, nicolae_overflow_two_pavilions,
          chequers_serial_rivers_room_b, minmay_misc_feat_nine_boxes,
          chequers_serial_rivers_micro_d, minmay_distorted

Action                     |  1- 3 |  4- 6 || total
---------------------------+-------+-------++-------
  Melee: Flail             |    98 |       ||    98
 Armour: Scale mail        |    65 |     2 ||    67
  Dodge: Dodged            |    43 |     4 ||    47
  Block: Buckler           |    18 |       ||    18

Table legend: (Time is in decaauts)
 A = Elapsed time spent in this place.
 B = Non-inter-level travel time spent in this place.
 C = Inter-level travel time spent in this place.
 D = Time resting spent in this place.
 E = Time spent auto-exploring this place.
 F = Levels seen in this place.
 G = Mean time per level.
                   A        B        C        D        E       F      G
               +--------+--------+--------+--------+--------+-----+--------+
         Total |   1309 |   1259 |     50 |      0 |    973 |   3 |  436.3 |
       Dungeon |   1309 |   1259 |     50 |      0 |    973 |   3 |  436.3 |
               +--------+--------+--------+--------+--------+-----+--------+

Top non-repeatable levels by time:
     D:2: 693 daAuts
     D:1: 536 daAuts
     D:3: 80 daAuts
